[Event "November 21 Early 2023"]
[Site "https://www.chess.com"]
[Date "2023.11.21"]
[Round "9"]
[White "Rodriguez Fontecha, Marcos"]
[Black "Florianovitz, Derlei Alex"]
[Result "1-0"]
[Board "117"]
[TimeControl "180+1"]
[WhiteFideId "2256576"]
[BlackFideId "2114178"]
[WhiteElo "2249"]
[BlackElo "1953"]
[WhiteTeam "ESP"]
[BlackTeam "BRA"]
[WhiteClock "0:02:03"]
[BlackClock "0:00:20"]

1. d4 Nf6 2. Nf3 d5 3. g3 Bg4 4. Bg2 Bxf3 5. Bxf3 e6 6. c4 c6 7. Nc3 Be7 8. b3 O-O 9. e4 Bb4 10. Bd2 Bxc3 11. Bxc3 Nxe4 12. Bxe4 dxe4 13. Qe2 f5 14. f3 exf3 15. Qxe6+ Kh8 16. O-O Nd7 17. Rxf3 Qe8 18. Re1 Qxe6 19. Rxe6 Kg8 20. Re7 Rf7 21. Rxf7 Kxf7 22. Rxf5+ Kg6 23. Rf2 Re8 24. Kg2 Nf6 25. Bb2 Re3 26. Rd2 Ne4 27. Rc2 Rd3 28. Re2 Kf5 29. g4+ Kf4 30. Bc1+ Kxg4 31. Rxe4+ Kf5 32. Rf4+ Ke6 33. Kf2 Rd1 34. Be3 Ra1 35. Re4+ Kf6 36. d5 Rxa2+ 37. Kg3 cxd5 38. cxd5 Ra6 39. Re6+ Rxe6 40. dxe6 a6 41. Bd4+ Kxe6 42. Bxg7 Kf5 43. Kf3 h5 44. h4 b6 45. Bd4 b5 46. Bc3 Kg6 47. Ke4 Kh6 48. Kf5 Kh7 49. Kg5 Kg8 50. Kxh5 Kh7 51. Kg5 Kg8 52. Kg6 Kf8 53. Bb4+ Kg8 54. h5 Kh8 55. h6 a5 56. Bc3+ 1-0

[Event "November 21 Early 2023"]
[Site "https://www.chess.com"]
[Date "2023.11.21"]
[Round "9"]
[White "Jimenez Fernandez, Rebeca"]
[Black "Ongut, Tamas Gunes"]
[Result "0-1"]
[Board "118"]
[TimeControl "180+1"]
[WhiteFideId "32070934"]
[BlackFideId "770280"]
[WhiteElo "2015"]
[BlackElo "2148"]
[WhiteTeam "ESP"]
[BlackTeam "HUN"]
[WhiteClock "0:00:00"]
[BlackClock "0:00:49"]

1. e4 e5 2. d4 exd4 3. Qxd4 Nc6 4. Qe3 Nf6 5. Nc3 Bb4 6. Bd2 O-O 7. O-O-O Re8 8. Bc4 d5 9. Nxd5 Bxd2+ 10. Rxd2 Nxe4 11. Rd1 Nd6 12. Qc3 Qg5+ 13. f4 Qxg2 14. Nf3 Bg4 15. Nf6+ Kh8 16. Nxe8 Rxe8 17. Nh4 Qf2 18. h3 Bxd1 19. Bxf7 Qxf4+ 20. Kb1 Nxf7 21. Rg1 Nfe5 0-1

[Event "November 21 Early 2023"]
[Site "https://www.chess.com"]
[Date "2023.11.21"]
[Round "9"]
[White "Sreyas Payyappat"]
[Black "campochess"]
[Result "1-0"]
[Board "119"]
[TimeControl "180+1"]
[WhiteFideId "46674969"]
[WhiteElo "2043"]
[BlackElo "2216"]
[WhiteTeam "IND"]
[WhiteClock "0:00:31"]
[BlackClock "0:00:43"]

1. e4 c5 2. Nf3 Nc6 3. d4 cxd4 4. Nxd4 e5 5. Nb5 a6 6. Nd6+ Bxd6 7. Qxd6 Qe7 8. Qd1 Nf6 9. Nc3 h6 10. Bd3 d6 11. O-O Be6 12. f4 exf4 13. Bxf4 Rd8 14. Qf3 Ne5 15. Bxe5 dxe5 16. Qg3 O-O 17. Qxe5 Ng4 18. Qg3 Qc5+ 19. Kh1 Qe5 20. Rf4 h5 21. Rxg4 Qxg3 22. Rxg3 Rd4 23. Rf1 Rc8 24. Ne2 Rb4 25. b3 Rb6 26. Nf4 Rc5 27. Nxe6 Rxe6 28. Rgf3 Re7 29. Bc4 Rcc7 30. Bd5 b5 31. c4 g6 32. Rf6 a5 33. cxb5 Rc2 34. b6 1-0

[Event "November 21 Early 2023"]
[Site "https://www.chess.com"]
[Date "2023.11.21"]
[Round "9"]
[White "Shishkov, Andrei"]
[Black "Semenova, Alina"]
[Result "1-0"]
[Board "120"]
[TimeControl "180+1"]
[WhiteFideId "4500563"]
[BlackFideId "24113875"]
[WhiteElo "2241"]
[BlackElo "1827"]
[WhiteTeam "EST"]
[BlackTeam "RUS"]
[WhiteClock "0:00:32"]
[BlackClock "0:00:52"]

1. d4 d5 2. c4 e6 3. Nc3 Nf6 4. cxd5 exd5 5. Bg5 c6 6. e3 Be7 7. Bd3 Nbd7 8. Nge2 O-O 9. O-O Re8 10. Qc2 h6 11. Bh4 a5 12. Rad1 Nb6 13. f3 Nc4 14. Bf2 Bb4 15. e4 dxe4 16. Bxc4 b5 17. Bxf7+ Kxf7 18. fxe4 Kg8 19. e5 Ng4 20. h3 Nxf2 21. Rxf2 Be6 22. Ne4 Bd5 23. Nf4 Qd7 24. Nh5 Rf8 25. Nef6+ gxf6 26. Qg6+ Kh8 27. exf6 Qh7 28. Qg7+ 1-0

[Event "November 21 Early 2023"]
[Site "https://www.chess.com"]
[Date "2023.11.21"]
[Round "9"]
[White "IsaqueGoncalvesSanto"]
[Black "Preobrazhenska_D2011"]
[Result "0-1"]
[Board "121"]
[TimeControl "180+1"]
[WhiteElo "1959"]
[BlackElo "2456"]
[WhiteClock "0:00:00"]
[BlackClock "0:00:06"]

1. d4 Nf6 2. c4 e6 3. Nc3 Bb4 4. e3 O-O 5. Ne2 d5 6. a3 Be7 7. c5 a5 8. f4 b6 9. cxb6 cxb6 10. Nb5 Ne4 11. g3 Ba6 12. Nec3 Nxc3 13. bxc3 a4 14. Qxa4 Qd7 15. Qb3 Nc6 16. Bd2 Na5 17. Qb2 Nc4 18. Bxc4 dxc4 19. Rb1 Qd5 20. O-O Bb7 21. Kf2 Qg2+ 22. Ke1 Qxh2 23. g4 Bh4+ 24. Kd1 Bg2 25. Be1 Qh3 26. Rg1 Bf3+ 27. Kc1 Bxe1 28. Rxe1 Qxg4 29. Nd6 Rad8 30. Qxb6 Qg3 31. Kb2 Qf2+ 32. Ka1 Ra8 33. Qb2 Qg3 34. Nxc4 Bd5 35. Qb4 Bxc4 36. Qxc4 Rxa3+ 37. Kb2 Rfa8 38. Qc8+ Rxc8 39. Kxa3 Ra8+ 40. Kb4 Qf3 41. Kc4 Qd5+ 42. Kd3 Rc8 0-1

[Event "November 21 Early 2023"]
[Site "https://www.chess.com"]
[Date "2023.11.21"]
[Round "9"]
[White "Elbebiber"]
[Black "Gavrilov, Maxim"]
[Result "0-1"]
[Board "122"]
[TimeControl "180+1"]
[BlackFideId "24271454"]
[WhiteElo "2175"]
[BlackElo "2157"]
[BlackTeam "RUS"]
[WhiteClock "0:00:00"]
[BlackClock "0:00:39"]

1. d4 d5 2. Bg5 h6 3. Bh4 c6 4. Nf3 Qb6 5. b3 Bf5 6. c3 e6 7. e3 Nd7 8. Bd3 Bxd3 9. Qxd3 Ngf6 10. O-O Bd6 11. Nbd2 O-O 12. Rfe1 Rfe8 13. e4 dxe4 14. Nxe4 Be7 15. Nxf6+ Bxf6 16. Bxf6 Nxf6 17. Rad1 Rad8 18. Qe2 Nd5 19. Rc1 c5 20. dxc5 Qxc5 21. c4 Nf4 22. Qe3 Qxe3 23. Rxe3 f6 24. g3 Ng6 25. Kf1 e5 26. Ke2 e4 27. Nd2 f5 28. f4 Ne7 29. Rec3 Nc6 30. Nf1 Nd4+ 31. Kf2 Nf3 32. R1c2 Rd1 33. h4 Red8 34. Ne3 R8d2+ 35. Rxd2 Rxd2+ 36. Kf1 g6 37. Rc2 Rd3 38. Nd5 Kf7 39. Nb4 Nd4 0-1

[Event "November 21 Early 2023"]
[Site "https://www.chess.com"]
[Date "2023.11.21"]
[Round "9"]
[White "RodokininEV"]
[Black "Matthes, Aaron"]
[Result "1-0"]
[Board "123"]
[TimeControl "180+1"]
[BlackFideId "16227310"]
[WhiteElo "2516"]
[BlackElo "2357"]
[BlackTeam "GER"]
[WhiteClock "0:00:06"]
[BlackClock "0:00:18"]

1. Nf3 b6 2. g3 Bb7 3. Bg2 g5 4. h3 h6 5. O-O Bg7 6. c4 e6 7. d4 Ne7 8. Nc3 O-O 9. e4 c5 10. d5 d6 11. h4 g4 12. Nh2 h5 13. f3 gxf3 14. Qxf3 exd5 15. cxd5 Nd7 16. Qxh5 Ne5 17. Bf4 N7g6 18. Ng4 Nxg4 19. Qxg4 Ba6 20. h5 Bxf1 21. hxg6 Bxg2 22. Kxg2 fxg6 23. Qxg6 Rf6 24. Qg4 Qe8 25. Rh1 Qg6 26. Qh5 Raf8 27. Qxg6 Rxg6 28. Kf3 a6 29. a4 Be5 30. Ke3 Re8 31. Rh5 Bd4+ 32. Kf3 Kg7 33. Nd1 b5 34. axb5 axb5 35. Ne3 Bxe3 36. Kxe3 Ra8 37. Rh1 Ra2 38. Rh2 Ra4 39. e5 dxe5 40. Bxe5+ Kf7 41. Rh7+ Ke8 42. Bf4 Rd4 43. d6 Re6+ 44. Kf3 c4 45. Rc7 b4 46. d7+ Kd8 47. Rb7 Rxd7 48. Rxb4 Rc6 49. g4 Rd3+ 50. Ke4 Rb3 51. Rxb3 cxb3 52. Be5 Ke7 53. g5 Ke6 54. g6 Rc4+ 55. Bd4 Rc1 56. g7 Kf7 57. Kd3 Rc2 58. Bc3 Kg8 59. Kc4 Re2 60. Kxb3 Re6 61. Kc4 Kf7 62. b4 Re8 63. b5 Ke6 64. Kb4 Kd7 65. Ka5 Kc7 66. Bb4 Rg8 67. Bf8 Kb7 68. Kb4 Kb6 69. Kc4 Kb7 70. Kc5 Kc7 71. b6+ Kb7 72. Kb5 Kb8 73. Kc6 Kc8 74. b7+ Kb8 75. Bd6+ Ka7 76. b8=Q+ Ka6 77. Qb6# 1-0

[Event "November 21 Early 2023"]
[Site "https://www.chess.com"]
[Date "2023.11.21"]
[Round "9"]
[White "Umarov, Sabir"]
[Black "Kochiev, Ivan"]
[Result "0-1"]
[Board "124"]
[TimeControl "180+1"]
[WhiteFideId "14200538"]
[BlackFideId "2917890"]
[WhiteElo "2337"]
[BlackElo "2285"]
[WhiteTeam "UZB"]
[BlackTeam "BUL"]
[WhiteClock "0:00:00"]
[BlackClock "0:00:24"]

1. e4 e5 2. Nf3 Nf6 3. Nc3 Nc6 4. g3 Bc5 5. Bg2 O-O 6. d3 h6 7. Be3 Bb6 8. Qd2 d5 9. exd5 Nxd5 10. Nxd5 Qxd5 11. O-O Qd6 12. Rfe1 Re8 13. a3 Bf5 14. Bxb6 axb6 15. Qc3 Nd4 16. Nxd4 exd4 17. Qd2 c6 18. h4 Rxe1+ 19. Rxe1 Ra5 20. Re8+ Kh7 21. Qe2 Rb5 22. b3 Be6 23. Be4+ f5 24. Bxc6 Re5 25. Be4 fxe4 26. dxe4 Bc4 0-1

[Event "November 21 Early 2023"]
[Site "https://www.chess.com"]
[Date "2023.11.21"]
[Round "9"]
[White "Kanyamarala, Trisha"]
[Black "Shapiro, Daniel"]
[Result "1-0"]
[Board "125"]
[TimeControl "180+1"]
[WhiteFideId "45004722"]
[BlackFideId "2001780"]
[WhiteElo "2078"]
[BlackElo "2333"]
[WhiteTeam "IRL"]
[BlackTeam "USA"]
[WhiteClock "0:01:57"]
[BlackClock "0:00:27"]

1. c4 e5 2. Nc3 Nf6 3. g3 d5 4. cxd5 Nxd5 5. Bg2 Nb6 6. Nf3 Nc6 7. O-O Be7 8. d3 O-O 9. a3 Be6 10. b4 f6 11. Be3 Qd7 12. Re1 Nd4 13. Bxd4 exd4 14. Ne4 h6 15. Nc5 Bxc5 16. bxc5 Na4 17. c6 Qxc6 18. Nxd4 Nc3 19. Qd2 1-0

[Event "November 21 Early 2023"]
[Site "https://www.chess.com"]
[Date "2023.11.21"]
[Round "9"]
[White "Toktomushev, Teimur"]
[Black "Zivic, Dragan"]
[Result "1/2-1/2"]
[Board "126"]
[TimeControl "180+1"]
[WhiteFideId "14176726"]
[BlackFideId "904740"]
[WhiteElo "2198"]
[BlackElo "2073"]
[WhiteTeam "UKR"]
[BlackTeam "SRB"]
[WhiteClock "0:00:02"]
[BlackClock "0:00:48"]

1. d4 Nf6 2. c4 e6 3. Nf3 b6 4. g3 Bb7 5. Bg2 Bb4+ 6. Bd2 Bxd2+ 7. Qxd2 O-O 8. O-O d5 9. Ne5 Nbd7 10. Nc3 Ne4 11. Nxe4 dxe4 12. Nxd7 Qxd7 13. Rad1 f5 14. Qf4 Qd6 15. Qxd6 cxd6 16. f3 exf3 17. Bxf3 Bxf3 18. exf3 Rac8 19. b3 Kf7 20. Rfe1 Rfe8 21. Kf2 g5 22. f4 g4 23. d5 h5 24. dxe6+ Rxe6 25. Rxe6 Kxe6 26. Ke3 h4 27. gxh4 Rh8 28. Rh1 Rxh4 29. Kf2 Rh3 30. Kg2 Rf3 31. Rf1 Rd3 32. Re1+ Kf7 33. Re2 Rf3 34. Rd2 Ke6 35. Re2+ Kd7 36. Rf2 Re3 37. Rf1 a5 38. Rf2 Kc6 39. Rd2 Rf3 40. Rf2 Rd3 41. Re2 Kc5 42. Re6 Rf3 43. Rf6 Rxf4 44. Rf8 Rf3 45. Rc8+ Kb4 46. Rc6 Ka3 47. Rxd6 Kxa2 48. Rxb6 f4 49. Rb5 Rc3 50. Rxa5+ Kxb3 51. c5 Kb4 52. Ra8 Rxc5 53. Rb8+ Kc3 54. Rf8 Rc4 55. Rg8 f3+ 56. Kf2 Kd3 57. h3 gxh3 58. Kxf3 Rh4 59. Rg1 h2 60. Rh1 Rh8 61. Kg3 Ke3 62. Rxh2 Rg8+ 63. Kh4 Rh8+ 64. Kg3 Rxh2 65. Kxh2 1/2-1/2

[Event "November 21 Early 2023"]
[Site "https://www.chess.com"]
[Date "2023.11.21"]
[Round "9"]
[White "HeroWilczek"]
[Black "Maect19"]
[Result "1/2-1/2"]
[Board "127"]
[TimeControl "180+1"]
[WhiteElo "2456"]
[BlackElo "2330"]
[WhiteClock "0:00:09"]
[BlackClock "0:00:06"]

1. d4 d5 2. c4 c6 3. Nf3 Nf6 4. e3 Bf5 5. Nc3 e6 6. Bd3 Bxd3 7. Qxd3 Nbd7 8. O-O Bd6 9. e4 dxe4 10. Nxe4 Nxe4 11. Qxe4 O-O 12. Bg5 Be7 13. Bf4 Bf6 14. Rad1 Qa5 15. a3 Rfd8 16. d5 exd5 17. cxd5 cxd5 18. Rxd5 Nc5 19. Qf5 Rxd5 20. Qxd5 Rd8 21. Qc4 Bxb2 22. Ng5 Ne6 23. Nxe6 fxe6 24. Qxe6+ Kh8 25. Re1 Rg8 26. h4 Qxa3 27. h5 Qa6 28. Qd7 Qc6 29. Qe7 Bf6 30. Qe3 Qb6 31. Qh3 a5 32. h6 gxh6 33. Re6 Qb1+ 34. Kh2 Bg7 35. Bxh6 Bxh6 36. Rxh6 Qe4 37. Qc3+ Rg7 38. Qc8+ Rg8 39. Qc3+ Rg7 40. Qc8+ Rg8 41. Qc3+ 1/2-1/2

[Event "November 21 Early 2023"]
[Site "https://www.chess.com"]
[Date "2023.11.21"]
[Round "9"]
[White "Fernandez Siles, Luis"]
[Black "Ramla2020"]
[Result "0-1"]
[Board "128"]
[TimeControl "180+1"]
[WhiteFideId "2209420"]
[WhiteElo "2195"]
[BlackElo "2455"]
[WhiteTeam "ESP"]
[WhiteClock "0:00:35"]
[BlackClock "0:00:57"]

1. e4 e5 2. Nf3 d6 3. d4 Nd7 4. Nc3 c6 5. a4 Be7 6. Bc4 Ngf6 7. O-O O-O 8. Re1 h6 9. Ba2 Qc7 10. Nh4 Re8 11. Nf5 Bf8 12. Qf3 exd4 13. Nxd4 Ne5 14. Qg3 Kh7 15. h3 Ng6 16. Be3 Nxe4 17. Nxe4 Rxe4 18. Qf3 d5 19. c4 Ne5 20. Qh5 g6 21. Qd1 Nxc4 22. Bxc4 dxc4 23. Qc2 Re8 24. Qxc4 Bg7 25. Rad1 Be6 26. Qc2 Bd5 27. Nb5 Qe5 28. f4 Qxb2 29. Qxb2 Bxb2 30. Nc7 Bb3 31. Rd7 Rad8 32. Nxe8 Rxd7 33. Nf6+ Bxf6 0-1

[Event "November 21 Early 2023"]
[Site "https://www.chess.com"]
[Date "2023.11.21"]
[Round "9"]
[White "Hoffmann, Asa"]
[Black "Luukkonen, Tommi"]
[Result "1-0"]
[Board "129"]
[TimeControl "180+1"]
[WhiteFideId "2001470"]
[BlackFideId "501808"]
[WhiteElo "2117"]
[BlackElo "2219"]
[WhiteTeam "USA"]
[BlackTeam "FIN"]
[WhiteClock "0:02:05"]
[BlackClock "0:00:44"]

1. d4 Nf6 2. Bg5 d5 3. Nd2 Nbd7 4. f4 h6 5. Bh4 e6 6. e3 Be7 7. Bd3 c5 8. c3 b6 9. Ngf3 Ng4 10. Bxe7 Qxe7 11. Qe2 Bb7 12. h3 Ngf6 13. O-O Ne4 14. Bxe4 dxe4 15. Ne5 Nxe5 16. fxe5 O-O 17. Qg4 cxd4 18. exd4 e3 19. Nf3 f5 20. exf6 Rxf6 21. Rae1 Qf7 22. Ne5 Rxf1+ 23. Rxf1 e2 24. Qxe2 Qe7 25. Qg4 Bd5 26. b3 b5 27. c4 bxc4 28. bxc4 1-0

[Event "November 21 Early 2023"]
[Site "https://www.chess.com"]
[Date "2023.11.21"]
[Round "9"]
[White "Kopczynski, Michal"]
[Black "Rose, Felix"]
[Result "1-0"]
[Board "130"]
[TimeControl "180+1"]
[WhiteFideId "1124200"]
[BlackFideId "5105722"]
[WhiteElo "2174"]
[BlackElo "2039"]
[WhiteTeam "POL"]
[BlackTeam "MEX"]
[WhiteClock "0:01:40"]
[BlackClock "0:01:25"]

1. e4 c5 2. d4 cxd4 3. c3 dxc3 4. Nxc3 e6 5. f4 Nc6 6. Nf3 a6 7. Bd3 b5 8. O-O Bb7 9. Kh1 Nge7 10. Qe1 Ng6 11. f5 Nge5 12. fxe6 dxe6 13. Nxe5 Nxe5 14. Be2 Bd6 15. Bf4 Ng6 16. Bxd6 Qxd6 17. Rd1 Qe5 18. Qf2 O-O 19. Rd7 Bxe4 20. Nxe4 Qxe4 21. Bf3 Qe5 22. Bxa8 Rxa8 23. Qxf7+ Kh8 24. Ra7 Rg8 25. Qxg8+ 1-0

[Event "November 21 Early 2023"]
[Site "https://www.chess.com"]
[Date "2023.11.21"]
[Round "9"]
[White "Begunov, Konstantin"]
[Black "Zampronha, Wladimir Camilo"]
[Result "1/2-1/2"]
[Board "131"]
[TimeControl "180+1"]
[WhiteFideId "4118510"]
[BlackFideId "2103087"]
[WhiteElo "1989"]
[BlackElo "2055"]
[WhiteTeam "RUS"]
[BlackTeam "BRA"]
[WhiteClock "0:00:19"]
[BlackClock "0:00:43"]

1. d4 Nf6 2. c4 e6 3. Nf3 b6 4. g3 Ba6 5. Qa4 Bb7 6. Bg2 Be7 7. Nc3 O-O 8. O-O c5 9. dxc5 bxc5 10. Rd1 Bc6 11. Qc2 Qc8 12. Bf4 Na6 13. Rd2 d5 14. Ne5 Rd8 15. Nxc6 Qxc6 16. cxd5 exd5 17. Rad1 Nb4 18. Qf5 Qe6 19. Qb1 Rac8 20. a3 d4 21. axb4 dxc3 22. Rxd8+ Rxd8 23. Rxd8+ Bxd8 24. bxc3 Qxe2 25. bxc5 Ng4 26. h3 Qxf2+ 27. Kh1 Ne3 28. Qe4 Qe1+ 29. Kh2 Nf1+ 30. Kg1 Ne3+ 31. Kh2 Nf1+ 32. Kg1 Ne3+ 33. Kh2 1/2-1/2

[Event "November 21 Early 2023"]
[Site "https://www.chess.com"]
[Date "2023.11.21"]
[Round "9"]
[White "ATM622"]
[Black "Cardozo Munar, Carlos Eduardo"]
[Result "1-0"]
[Board "133"]
[TimeControl "180+1"]
[BlackFideId "4409477"]
[WhiteElo "2432"]
[BlackElo "2067"]
[BlackTeam "COL"]
[WhiteClock "0:01:00"]
[BlackClock "0:00:00"]

1. d4 d5 2. c4 e5 3. dxe5 d4 4. Nf3 Nc6 5. a3 Nge7 6. e3 Bg4 7. Be2 dxe3 8. Bxe3 Qxd1+ 9. Bxd1 Ng6 10. O-O Ngxe5 11. Nxe5 Nxe5 12. Bxg4 Nxg4 13. Bf4 O-O-O 14. h3 Nf6 15. Nc3 h6 16. Rad1 Bc5 17. Nb5 Bb6 18. c5 Bxc5 19. Nxc7 Rxd1 20. Rxd1 Rd8 21. Rc1 b6 22. b4 Bd6 23. Bxd6 Rxd6 24. Nb5+ Kd7 25. Nxd6 Kxd6 26. b5 Nd5 27. Rc6+ Kd7 28. Kf1 Nc7 29. a4 Ne6 30. Ke1 Nc5 31. a5 Nd3+ 32. Kd2 Ne5 33. axb6 axb6 34. Rc3 Kd6 35. f4 Ng6 36. g3 Ne7 37. Kd3 g5 38. fxg5 hxg5 39. h4 gxh4 40. gxh4 Nd5 41. Rc6+ Kd7 42. Kd4 1-0

[Event "November 21 Early 2023"]
[Site "https://www.chess.com"]
[Date "2023.11.21"]
[Round "9"]
[White "Minko, Dmitry"]
[Black "Pumpkin_in_moonlight"]
[Result "1-0"]
[Board "134"]
[TimeControl "180+1"]
[WhiteFideId "24188468"]
[WhiteElo "1992"]
[BlackElo "2305"]
[WhiteTeam "FID"]
[WhiteClock "0:00:43"]
[BlackClock "0:00:00"]

1. e4 e5 2. Nf3 Nc6 3. d4 exd4 4. Nxd4 Nf6 5. Nc3 Bc5 6. Be3 Bb6 7. Nxc6 dxc6 8. Qxd8+ Kxd8 9. O-O-O+ Ke7 10. Bg5 h6 11. Bh4 g5 12. Bg3 Be6 13. Be2 Rad8 14. Be5 Rhe8 15. Rxd8 Rxd8 16. Rf1 Ng4 17. Bg3 Bd4 18. Bxc7 Rd7 19. Bg3 b5 20. a3 a5 21. h3 Ne5 22. Rd1 Nc4 23. Bxc4 Bxc4 24. Nb1 Bxb2+ 25. Kxb2 Rxd1 26. Nc3 Rd7 27. Kc1 b4 28. axb4 axb4 29. Nd1 Be6 30. h4 f6 31. Ne3 c5 32. e5 f5 33. hxg5 hxg5 34. f4 gxf4 35. Bxf4 c4 36. Kb2 c3+ 37. Kc1 Ra7 38. Kd1 Ra1+ 39. Ke2 b3 40. cxb3 Bxb3 41. Nxf5+ Kd7 42. Nd4 Ra2+ 43. Kd3 c2 44. Nxb3 Ra3 45. Kxc2 Ke6 46. Nd4+ Kd5 47. Nb5 Ra2+ 48. Kd3 Rxg2 49. Nc7+ Kc6 50. e6 Ra2 51. e7 Ra3+ 52. Ke4 Ra4+ 53. Kf5 1-0

[Event "November 21 Early 2023"]
[Site "https://www.chess.com"]
[Date "2023.11.21"]
[Round "9"]
[White "Pace, Christopher"]
[Black "AndresDelgado77"]
[Result "0-1"]
[Board "135"]
[TimeControl "180+1"]
[WhiteFideId "2610167"]
[WhiteElo "2421"]
[BlackElo "2301"]
[WhiteTeam "CAN"]
[WhiteClock "0:00:27"]
[BlackClock "0:00:17"]

1. e4 e6 2. d4 d5 3. Nc3 Nf6 4. e5 Nfd7 5. Nce2 b6 6. c3 Ba6 7. Nf3 c5 8. g3 Qc7 9. Bg2 cxd4 10. cxd4 Qc4 11. Bd2 Nc6 12. Rc1 Qxe2+ 13. Qxe2 Bxe2 14. Kxe2 Rc8 15. b4 b5 16. Ke3 Nb6 17. Bf1 a6 18. Bd3 Bxb4 19. Bxb4 Nxb4 20. Rxc8+ Nxc8 21. Rc1 Kd7 22. Be2 Nb6 23. a3 Nc6 24. Nd2 Na5 25. Bd3 h6 26. h4 Rc8 27. Rxc8 Kxc8 28. g4 Nac4+ 29. Bxc4 Nxc4+ 30. Nxc4 bxc4 31. Kd2 Kd7 32. Kc3 f5 33. gxf5 exf5 34. h5 f4 35. f3 Ke6 36. Kb4 Kf5 37. Kc3 g5 38. hxg6 Kxg6 0-1

[Event "November 21 Early 2023"]
[Site "https://www.chess.com"]
[Date "2023.11.21"]
[Round "9"]
[White "Darmanin, Jake"]
[Black "Witty_Alien"]
[Result "1-0"]
[Board "137"]
[TimeControl "180+1"]
[WhiteFideId "5601061"]
[WhiteElo "2119"]
[BlackElo "2290"]
[WhiteTeam "MLT"]
[WhiteClock "0:01:23"]
[BlackClock "0:00:00"]

1. e4 c5 2. c3 d5 3. exd5 e6 4. dxe6 Bxe6 5. Nf3 Nf6 6. Bb5+ Nc6 7. d4 cxd4 8. Nxd4 Bd7 9. Nxc6 bxc6 10. Bc4 Bc5 11. O-O O-O 12. Bg5 h6 13. Bxf6 gxf6 14. Nd2 f5 15. Nb3 Bb6 16. Qd6 Kh7 17. Rad1 Qh4 18. Qxd7 Qxc4 19. Qxf5+ Kg7 20. Rd3 Bc7 21. Nd4 Rad8 22. Rf3 Rxd4 23. Qf6+ Kg8 24. Qxd4 Qxa2 25. Qg4+ Kh7 26. Qe4+ f5 27. Qxc6 Rf7 28. g3 Kg7 29. b4 Bb6 30. Rd1 Qc2 31. Rd7 Rxd7 32. Qxd7+ Kg6 33. Qe6+ Kg5 34. h4+ Kg4 35. Kg2 Bxf2 36. Rf4+ 1-0

[Event "November 21 Early 2023"]
[Site "https://www.chess.com"]
[Date "2023.11.21"]
[Round "9"]
[White "Martin, Lewis"]
[Black "Kubatko, Ivan"]
[Result "0-1"]
[Board "138"]
[TimeControl "180+1"]
[WhiteFideId "410551"]
[BlackFideId "24111473"]
[WhiteElo "2145"]
[BlackElo "2285"]
[WhiteTeam "ENG"]
[BlackTeam "RUS"]
[WhiteClock "0:01:31"]
[BlackClock "0:00:53"]

1. c4 e6 2. g3 d5 3. Bg2 d4 4. d3 c5 5. Nf3 Nc6 6. a3 Nf6 7. O-O Be7 8. Re1 O-O 9. e4 dxe3 10. Bxe3 b6 11. Ne5 Nxe5 12. Bxa8 Nxd3 13. Rf1 Ba6 14. Bg2 Nxb2 15. Qc2 Nxc4 16. Bc1 Qc8 17. Rd1 Nd5 18. Nc3 Nxc3 19. Qxc3 Bf6 0-1

[Event "November 21 Early 2023"]
[Site "https://www.chess.com"]
[Date "2023.11.21"]
[Round "9"]
[White "Dodaro, Mattia"]
[Black "Buchenau, Frank"]
[Result "0-1"]
[Board "139"]
[TimeControl "180+1"]
[WhiteFideId "28583400"]
[BlackFideId "4604350"]
[WhiteElo "2242"]
[BlackElo "2157"]
[WhiteTeam "ITA"]
[BlackTeam "GER"]
[WhiteClock "0:00:00"]
[BlackClock "0:00:50"]

1. Nf3 Nf6 2. g3 b6 3. Bg2 Bb7 4. c4 e6 5. O-O Be7 6. d4 O-O 7. Nc3 Ne4 8. Qc2 Nxc3 9. Qxc3 f5 10. Rd1 Bf6 11. h4 h6 12. Qd3 Be4 13. Qd2 d6 14. d5 Nd7 15. Nd4 Bxd4 16. Bxe4 Bxf2+ 17. Kxf2 fxe4+ 18. Kg2 Nc5 19. b4 Qf6 20. Bb2 Qf2+ 21. Kh3 e3 22. Qd4 e5 23. Qg4 Na4 24. Rab1 Rf6 25. Ba1 Raf8 26. Rg1 Kh7 27. Rg2 Qf5 28. Qxf5+ Rxf5 29. Rbg1 Rf1 30. g4 R8f2 31. Rxf2 Rxf2 32. Re1 b5 0-1

[Event "November 21 Early 2023"]
[Site "https://www.chess.com"]
[Date "2023.11.21"]
[Round "9"]
[White "Figorito, Nick"]
[Black "Quirke, Jeffrey"]
[Result "0-1"]
[Board "140"]
[TimeControl "180+1"]
[WhiteFideId "30923689"]
[BlackFideId "2013029"]
[WhiteElo "2381"]
[BlackElo "2227"]
[WhiteTeam "USA"]
[BlackTeam "USA"]
[WhiteClock "0:01:35"]
[BlackClock "0:01:28"]

1. Nf3 Nf6 2. g3 g6 3. Bg2 Bg7 4. O-O O-O 5. c4 d5 6. d4 c6 7. cxd5 cxd5 8. Ne5 Nc6 9. Nxc6 bxc6 10. Nc3 Bf5 11. Bf4 Qd7 12. Be5 Bh3 13. Rc1 Bxg2 14. Kxg2 Rfc8 15. Na4 Ne4 16. Bxg7 Kxg7 17. Nc5 Nxc5 18. Rxc5 e5 19. dxe5 Qe7 20. Qd4 Qe6 21. Rfc1 Rab8 22. b4 Rb6 23. a3 Re8 24. e4 Qxe5 25. Qxe5+ Rxe5 26. exd5 Rxd5 27. Rxc6 Rd3 28. Rxb6 axb6 29. Rc6 Rxa3 30. Rxb6 h5 31. h4 Rb3 32. Kf1 Rb2 33. Rb7 Kf6 34. b5 Ke6 35. b6 f6 36. Rg7 Rxb6 37. Rxg6 Rb5 38. Kg2 Kf7 39. Rh6 Kg7 0-1

[Event "November 21 Early 2023"]
[Site "https://www.chess.com"]
[Date "2023.11.21"]
[Round "9"]
[White "Matveeva, Olga"]
[Black "dumbernugget"]
[Result "0-1"]
[Board "141"]
[TimeControl "180+1"]
[WhiteFideId "24107018"]
[WhiteElo "1883"]
[BlackElo "2172"]
[WhiteTeam "RUS"]
[WhiteClock "0:00:08"]
[BlackClock "0:01:37"]

1. d4 d5 2. c4 e6 3. Nf3 Nf6 4. g3 Be7 5. Bg2 O-O 6. O-O c6 7. Qc2 b6 8. Nbd2 Bb7 9. e4 Na6 10. e5 Nd7 11. cxd5 Nb4 12. Qb3 cxd5 13. a3 Nc6 14. Re1 Rc8 15. Qd3 Na5 16. b3 Nb8 17. b4 Nc4 18. Nxc4 dxc4 19. Qc3 b5 20. Be3 Qd7 21. Rad1 Bd5 22. h4 Nc6 23. Ng5 h6 24. Ne4 a5 25. Nc5 Qa7 26. Ra1 Rfd8 27. Bxd5 Rxd5 28. Kg2 Bxc5 29. dxc5 Rd3 30. Qb2 axb4 31. axb4 Qb7 32. Kh2 Rb3 33. Qc2 Nxb4 34. Qe2 Nd3 35. Red1 Rb2 36. Qf1 Nxe5 37. Qg2 Qxg2+ 38. Kxg2 Ng4 39. Kf3 Nxe3 40. Kxe3 Rxc5 41. Rd8+ Kh7 42. Raa8 Re5+ 43. Kf4 Rf5+ 44. Kg4 Rbxf2 45. h5 Rg5+ 46. Kh3 Rxh5+ 47. Kg4 Rg5+ 48. Kh3 Rf3 0-1

[Event "November 21 Early 2023"]
[Site "https://www.chess.com"]
[Date "2023.11.21"]
[Round "9"]
[White "Ghosh, Chanchal Kumer"]
[Black "Tarasova, Viktoriya"]
[Result "0-1"]
[Board "142"]
[TimeControl "180+1"]
[WhiteFideId "10201858"]
[BlackFideId "4175840"]
[WhiteElo "2067"]
[BlackElo "2182"]
[WhiteTeam "BAN"]
[BlackTeam "RUS"]
[WhiteClock "0:00:00"]
[BlackClock "0:01:15"]

1. e4 e5 2. Nf3 Nc6 3. Bc4 Bc5 4. c3 Nf6 5. d4 exd4 6. cxd4 Bb4+ 7. Nc3 Nxe4 8. O-O Bxc3 9. d5 Bf6 10. Re1 Ne7 11. Rxe4 d6 12. Bg5 Bxg5 13. Nxg5 h6 14. Qe2 hxg5 15. Re1 Be6 16. dxe6 f6 17. Re3 c6 18. Rh3 Rxh3 19. gxh3 g6 20. Qf3 Qa5 21. Rd1 Qe5 22. Kf1 d5 23. Re1 Qxb2 24. Bb3 O-O-O 25. Re2 Qd4 26. Kg2 Nf5 27. Qg4 Qc5 28. Kf1 Kb8 0-1

[Event "November 21 Early 2023"]
[Site "https://www.chess.com"]
[Date "2023.11.21"]
[Round "9"]
[White "Samarth J Rao"]
[Black "Dmitrenko, Viktor"]
[Result "0-1"]
[Board "143"]
[TimeControl "180+1"]
[WhiteFideId "46652370"]
[BlackFideId "14110270"]
[WhiteElo "1564"]
[BlackElo "2292"]
[WhiteTeam "IND"]
[BlackTeam "UKR"]
[WhiteClock "0:00:00"]
[BlackClock "0:02:20"]

1. e4 c5 2. Nc3 Nc6 3. g3 g6 4. Bg2 Bg7 5. d3 Rb8 6. Be3 d6 7. Qd2 b5 8. Nge2 b4 9. Nd1 Nd4 10. f4 e6 0-1